Map: Ujari

Players

RiseAgainst

  • Race: Terran Terran
  • League: Diamond
  • Spawn Location: 3:00

Panda

  • Race: Protoss Protoss
  • League: Diamond
  • Spawn Location: 3:00

EnTRoY

  • Race: Protoss Protoss
  • Spawn Location: 0:00

final

  • Race: Zerg Zerg
  • League: Diamond
  • Spawn Location: 9:00

Utopia

  • Race: Zerg Zerg
  • League: Platinum
  • Spawn Location: 9:00

wakizashi

  • Race: Zerg Zerg
  • League: Diamond
  • Spawn Location: 0:00

VOD

Have the link to the VOD?

Description

Time

  • Played on: Sept. 7, 2017, 4:22 p.m.
  • Length: 12:31
Show
View Real Time Build Order
Export as new Build Order

RiseAgainst Terran 

Build Orders: MMM Bio 

Get SALT Encoding   

  12  0:00  SCV  
  13  0:13  SCV  
  14  0:19  Supply Depot  
  14  0:25  SCV  
  15  0:40  SCV  
  15  0:41  Barracks  
  16  0:45  Refinery  
  16  0:53  SCV  
  17  1:03  Barracks  
  17  1:05  SCV  
  18  1:18  Barracks  
  18  1:25  SCV  
  18  1:29  Reaper  
  20  1:34  Refinery  
  20  1:43  Supply Depot  
  20  1:48  SCV  
  20  1:52  Reaper  
  22  2:03  Reaper  
  23  2:10  Orbital Command  
  23  2:15  Reaper  
  24  2:25  Supply Depot  
  24  2:27  Reaper  
  25  2:35  Reaper  
  26  2:42  SCV  
  27  2:47  Reaper  
  28  2:57  SCV  
  28  2:58  Supply Depot  
  29  2:59  Reaper  
  30  3:19  Reaper  
  32  3:20  Reaper  
  32  3:38  Reaper  
  27  3:49  SCV  
  27  3:50  Command Center  
  27  3:55  Barracks Reactor  
  29  3:56  Factory  
  29  3:59  Barracks Tech Lab  
  28  4:04  SCV  
  29  4:15  Barracks Reactor  
  29  4:16  SCV  
  30  4:18  Marine  
  30  4:19  Stimpack  
  30  4:22  Supply Depot  
  31  4:31  Marine x2  
  28  5:00  Marine x5  
  28  5:03  Factory Reactor  
  28  5:04  Starport  
  28  5:05  SCV  
  35  5:07  Orbital Command  
  34  5:17  SCV, Engineering Bay  
  34  5:18  Engineering Bay  
  35  5:21  Marine x2  
  35  5:23  Marine  
  38  5:29  SCV  
  38  5:30  Marine  
  38  5:31  Marine  
  38  5:33  SCV  
  42  5:42  SCV  
  43  5:44  Marine x2  
  43  5:45  Marine, SCV  
  47  5:52  Medivac  
  47  5:53  Medivac  
  47  5:54  SCV  
  52  5:58  SCV  
  52  6:00  Marine x2  
  52  6:02  Terran Infantry Weapons Level 1  
  55  6:06  Terran Infantry Armor Level 1  
  55  6:07  Marine x2  
  55  6:10  SCV  
  58  6:12  SCV  
  58  6:16  Supply Depot  
  59  6:22  SCV  
  60  6:27  Combat Shields, Marine x2  
  60  6:28  Marine x3  
  60  6:30  SCV  
  66  6:34  SCV  
  66  6:35  Refinery  
  66  6:37  Refinery  
  66  6:39  Medivac  
  69  6:45  Marine  
  70  6:50  Marine x4  
  74  6:56  Supply Depot  
  74  6:57  Supply Depot, Medivac  
  76  7:06  Marine  
  77  7:13  Armory  
  77  7:15  Marine  
  77  7:17  Medivac, Marine x3  
  83  7:27  Marine  
  84  7:32  Supply Depot  
  84  7:42  Marine x3  
  87  7:46  Command Center  
  87  7:48  SCV  
  87  7:49  SCV  
  89  7:54  Marine x2  
  79  8:42  Marine x3  
  79  8:43  Marine x2, Terran Infantry Weapons Level 2  
  79  8:44  Terran Infantry Armor Level 2  
  75  8:53  Terran Vehicle Weapons Level 1  
  75  8:54  Barracks  
  75  8:56  Barracks  
  75  8:57  Orbital Command, Barracks  
  75  8:59  SCV x2  
  75  9:00  Factory Tech Lab, Marine x4  
  75  9:01  Marine  
  76  9:18  Marine  
  75  9:29  Marine x4  
  75  9:30  Siege Tank  
  82  9:36  Marine  
  83  9:39  Factory  
  69  9:47  Marine x3  
  69  9:48  Marine x2  
  70  9:58  Marine x2  
  70  9:59  Marine  
  68  10:05  Marine x4  
  61  10:13  Marine  
  57  10:16  Marine  
  57  10:17  Marine  
  57  10:20  Siege Tank  
  62  10:23  Marine x4, SCV x2  
  62  10:25  SCV  
  69  10:30  Marine  
  69  10:34  Marine, Starport Reactor, Missile Turret  
  71  10:35  SCV  
  71  10:37  SCV  
  74  10:47  SCV  
  74  10:50  SCV  
  74  10:52  Marine x5  
  74  10:53  Marine x2  
  49  11:10  Marine x6  
  49  11:11  Marine  
  50  11:12  SCV  
  50  11:13  SCV  
  52  11:21  Medivac  
  52  11:22  Medivac  
  52  11:25  SCV x2  
  58  11:27  Marine  
  58  11:28  Marine x6  
  65  11:37  SCV  
  66  11:45  Marine x2  
  66  11:46  Marine x3  
Show
View Real Time Build Order
Export as new Build Order

Panda Protoss 

Build Orders:  

Get SALT Encoding   

  12  0:01  Probe (Chrono Boost)  
  13  0:17  Pylon  
  13  0:19  Probe (Chrono Boost)  
  14  0:30  Probe (Chrono Boost)  
  15  0:40  Probe (Chrono Boost)  
  16  0:45  Gateway  
  16  0:51  Probe (Chrono Boost)  
  17  1:01  Probe (Chrono Boost)  
  18  1:07  Assimilator  
  18  1:12  Probe (Chrono Boost)  
  19  1:22  Assimilator, Probe (Chrono Boost)  
  20  1:33  Probe (Chrono Boost)  
  20  1:34  Zealot  
  20  1:39  Cybernetics Core  
  23  2:14  Pylon  
  23  2:20  Pylon  
  23  2:29  Pylon  
  23  2:32  Probe (Chrono Boost)  
  24  2:37  Nexus  
  24  2:43  Probe (Chrono Boost)  
  25  2:54  Probe (Chrono Boost)  
  26  3:04  Probe (Chrono Boost)  
  27  3:07  Stargate  
  27  3:12  Stargate  
  27  3:15  Probe (Chrono Boost)  
  27  3:18  Gateway  
  28  3:25  Probe (Chrono Boost)  
  29  3:36  Probe (Chrono Boost)  
  29  3:38  Forge  
  30  3:46  Probe (Chrono Boost)  
  31  3:49  Pylon  
  31  3:52  Probe (Chrono Boost)  
  33  4:03  Probe (Chrono Boost)  
  33  4:04  Assimilator  
  33  4:08  Assimilator  
  33  4:13  Probe (Chrono Boost)  
  33  4:15  Void Ray  
  38  4:23  Probe (Chrono Boost)  
  38  4:24  Probe (Chrono Boost)  
  40  4:30  Void Ray  
  44  4:33  Probe (Chrono Boost)  
  44  4:36  Probe (Chrono Boost)  
  46  4:44  Probe (Chrono Boost)  
  47  4:46  Probe (Chrono Boost)  
  47  4:47  Protoss Air Armor Level 1  
  48  4:55  Probe (Chrono Boost)  
  48  4:57  Probe (Chrono Boost)  
  48  4:58  Void Ray  
  54  5:14  Void Ray  
  58  5:41  Void Ray  
  62  5:56  Void Ray  
  62  6:24  Void Ray  
  66  6:39  Void Ray  
  62  7:01  Protoss Air Weapons Level 1 (Chrono Boost)  
  62  7:07  Void Ray  
  66  7:12  Fleet Beacon  
  66  7:22  Void Ray  
  70  8:04  Nexus  
  70  8:34  Void Ray  
  70  8:35  Probe  
  70  8:37  Probe  
  70  8:40  Void Ray  
  68  8:46  Probe  
  69  8:49  Probe  
  70  9:00  Assimilator  
  70  9:01  Probe  
  70  9:03  Probe  
  70  9:05  Assimilator  
  70  9:07  Gateway  
  56  9:11  Gateway  
  56  9:12  Probe, Gateway  
  56  9:15  Protoss Ground Weapons Level 1, Gateway  
  57  9:17  Void Ray  
  57  9:20  Pylon  
  57  9:21  Warp Gate (Chrono Boost), Pylon  
  57  9:22  Probe  
  57  9:23  Void Ray, Pylon  
  62  10:00  Void Ray  
  62  10:05  Carrier  
  68  10:31  Probe  
  69  10:40  Probe  
  69  10:42  Probe  
  70  10:43  Probe  
  72  10:51  Probe  
  72  10:53  Probe  
  72  10:55  Photon Cannon, Probe  
  71  10:57  Photon Cannon  
  71  11:00  Photon Cannon  
  71  11:01  Probe  
  71  11:03  Probe  
  72  11:07  Probe, Photon Cannon  
  72  11:08  Photon Cannon  
  70  11:12  Probe, Photon Cannon, Pylon  
  70  11:14  Probe  
  67  11:19  Probe  
  67  11:24  Probe  
  48  11:50  Probe  
  47  11:57  Pylon  
  47  12:05  Pylon  
  43  12:09  Pylon  
  43  12:14  Nexus  
Show
View Real Time Build Order
Export as new Build Order

EnTRoY Protoss 

Build Orders:  

Get SALT Encoding   

  12  0:01  Probe (Chrono Boost)  
  13  0:11  Probe (Chrono Boost)  
  14  0:18  Pylon  
  14  0:27  Probe (Chrono Boost)  
  15  0:37  Probe (Chrono Boost)  
  15  0:39  Gateway  
  16  0:48  Probe (Chrono Boost)  
  17  0:56  Assimilator  
  17  0:58  Probe (Chrono Boost)  
  18  1:09  Probe (Chrono Boost)  
  19  1:20  Probe (Chrono Boost)  
  20  1:26  Cybernetics Core  
  20  1:30  Probe (Chrono Boost)  
  20  1:31  Zealot  
  23  1:45  Pylon  
  23  2:02  Warp Gate (Chrono Boost), Pylon  
  23  2:03  Probe (Chrono Boost), Zealot  
  26  2:13  Pylon  
  26  2:21  Assimilator  
  26  2:24  Mothership Core (Chrono Boost)  
  28  2:35  Pylon  
  28  2:42  Probe (Chrono Boost)  
  29  2:47  Nexus, Stalker  
  31  2:54  Pylon  
  31  3:08  Probe  
  32  3:23  Pylon  
  32  3:33  Gateway  
  32  3:35  Gateway  
  32  3:37  Probe  
  33  3:42  Pylon  
  33  3:47  Robotics Facility  
  33  3:51  Probe  
  34  4:01  Pylon  
  34  4:04  Probe  
  35  4:27  Stalker  
  37  4:37  Forge  
  37  4:42  Stalker x2  
  41  4:55  Probe  
  41  4:58  Probe  
  43  5:03  Immortal (Chrono Boost)  
  43  5:05  Probe  
  48  5:09  Stalker x2  
  48  5:10  Probe  
  53  5:17  Probe  
  54  5:23  Stalker  
  54  5:26  Probe  
  54  5:27  Probe  
  57  5:29  Protoss Ground Weapons Level 1 (Chrono Boost)  
  58  5:41  Robotics Bay  
  58  5:46  Stalker x2  
  62  6:12  Probe  
  62  6:13  Probe  
  54  6:49  Zealot  
  54  6:50  Zealot x2  
  58  6:58  Pylon  
  58  6:59  Pylon  
  58  7:02  Pylon  
  58  7:11  Zealot x2  
  58  7:12  Zealot  
  58  7:14  Probe  
  58  7:15  Probe  
  66  7:18  Colossus (Chrono Boost)  
  72  7:30  Protoss Ground Armor Level 1 (Chrono Boost)  
  72  7:34  Assimilator, Stalker x2  
  72  7:35  Stalker  
  78  7:39  Probe x2  
  80  8:03  Assimilator  
  80  8:08  Colossus (Chrono Boost)  
  86  8:18  Extended Thermal Lance (Chrono Boost)  
  86  8:35  Zealot x2  
  86  8:36  Sentry  
  92  8:45  Gateway x2  
  92  8:48  Nexus  
  92  8:51  Assimilator  
  92  8:55  Assimilator  
  92  8:56  Probe  
  92  8:59  Colossus  
  99  9:27  Sentry x2  
  101  10:06  Photon Cannon  
  101  10:07  Protoss Shields Level 1  
  101  10:09  Photon Cannon  
  101  10:12  Photon Cannon  
  101  10:16  Photon Cannon  
  107  10:22  Photon Cannon  
  107  10:23  Photon Cannon  
  67  10:50  Observer (Chrono Boost)  
  38  11:08  Stalker  
  38  11:09  Stalker x3, Observer (Chrono Boost)  
  38  11:39  Stalker x2  
  42  11:40  Stalker x2  
  42  11:41  Stalker  
  32  12:06  Stalker x2  
  32  12:07  Stalker x2  
  40  12:11  Probe  
  41  12:16  Pylon  
  41  12:17  Pylon  
Show
View Real Time Build Order
Export as new Build Order

final Zerg 

Build Orders: Hatch First, Lurkers 

Get SALT Encoding   

  12  0:02  Drone  
  13  0:14  Overlord  
  13  0:18  Drone  
  14  0:33  Drone x2  
  16  0:36  Drone  
  17  0:58  Drone  
  17  0:59  Hatchery  
  17  1:03  Drone  
  18  1:11  Drone  
  19  1:19  Spawning Pool  
  19  1:21  Drone  
  19  1:28  Extractor  
  18  1:42  Drone x2  
  20  1:53  Overlord  
  20  2:08  Drone  
  20  2:10  Queen  
  20  2:11  Overlord  
  20  2:15  Queen  
  25  2:16  Drone  
  26  2:30  Drone x2  
  28  2:48  Drone x2  
  28  2:49  Drone x2  
  32  2:53  Pneumatized Carapace  
  32  2:54  Roach Warren  
  32  2:55  Drone  
  32  2:57  Drone  
  33  3:37  Roach x5  
  33  3:39  Overlord x2  
  43  3:45  Drone  
  44  3:53  Overlord x2  
  44  3:57  Queen  
  46  4:04  Drone x7  
  46  4:05  Drone  
  46  4:06  Extractor  
  46  4:07  Extractor  
  52  4:10  Drone  
  52  4:12  Extractor  
  52  4:16  Lair  
  52  4:17  Drone  
  52  4:19  Drone  
  54  4:27  Drone x5  
  54  4:28  Drone  
  60  4:38  Extractor  
  59  4:39  Hatchery  
  59  4:43  Extractor  
  57  5:01  Drone x3  
  57  5:02  Drone  
  57  5:04  Drone x3  
  64  5:08  Drone x3  
  64  5:10  Overlord x2  
  67  5:27  Hydralisk Den, Evolution Chamber  
  65  5:30  Evolution Chamber, Hatchery  
  63  5:35  Overlord  
  63  5:36  Overlord  
  63  5:41  Drone  
  63  5:42  Drone x5  
  69  5:44  Drone  
  68  6:14  Queen  
  68  6:18  Drone x4  
  72  6:19  Drone x4  
  72  6:23  Hydralisk x2  
  82  6:27  Hydralisk  
  84  6:34  Hydralisk  
  86  6:50  Hydralisk x4  
  86  6:51  Queen  
  96  7:00  Drone x3, Hydralisk x2  
  103  7:03  Zerg Ground Armor Level 1, Zerg Missile Weapons Level 1  
  103  7:05  Lurker Den  
  104  7:08  Drone  
  104  7:10  Overlord x2  
  104  7:24  Overlord x2  
  104  7:40  Hydralisk  
  104  7:41  Hydralisk x7  
  104  7:42  Overlord  
  104  7:43  Overlord x2  
  120  7:46  Drone x3  
  120  7:50  Drone x4  
  127  8:15  Hydralisk x11  
  127  8:16  Hydralisk x3  
  145  8:46  Hydralisk  
  145  8:47  Hydralisk x8  
  159  9:14  Overlord x2  
  159  9:15  Overlord x4  
  159  9:22  Hydralisk x9  
  159  9:27  Overlord x2  
  159  9:42  Lurker x8  
  159  9:43  Lurker  
  155  9:56  Lurker x8  
  155  9:57  Lurker x7  
  155  9:58  Hydralisk  
  172  10:05  Extractor  
  172  10:06  Extractor  
  170  10:12  Hydralisk x4  
  170  10:14  Overlord x3  
  178  10:21  Hydralisk x3  
  184  10:44  Hydralisk x2  
  184  10:45  Hydralisk x6  
  196  11:05  Hydralisk x2  
  193  11:37  Hydralisk x3  
  184  11:55  Hydralisk x3  
  184  11:56  Hydralisk x6  
  184  11:57  Hydralisk  
Show
View Real Time Build Order
Export as new Build Order

Utopia Zerg 

Build Orders: Pool First, Lurkers 

Get SALT Encoding   

  12  0:02  Drone  
  13  0:10  Drone  
  14  0:21  Overlord  
  14  0:39  Drone x3  
  17  0:47  Spawning Pool  
  16  0:51  Drone  
  16  0:54  Extractor  
  16  1:22  Drone x3  
  19  1:36  Drone  
  19  1:38  Hatchery  
  19  1:53  Extractor  
  19  1:54  Drone  
  21  2:05  Drone  
  22  2:10  Lair  
  20  2:18  Drone x2  
  22  2:32  Overlord  
  22  2:49  Overlord  
  22  2:54  Zergling x2  
  22  2:55  Zergling x2  
  24  2:59  Metabolic Boost  
  24  3:10  Hydralisk Den, Zergling x6  
  24  3:12  Queen  
  28  3:13  Queen  
  28  3:19  Overlord  
  30  3:30  Zergling x4  
  31  3:49  Drone x4  
  31  3:54  Lurker Den  
  35  4:00  Drone x2  
  37  4:10  Drone  
  37  4:11  Drone  
  39  4:22  Drone x2  
  41  4:25  Drone  
  41  4:26  Drone x4  
  46  4:33  Hydralisk x2  
  48  5:02  Drone x3  
  48  5:04  Overlord x3  
  51  5:07  Extractor  
  51  5:09  Extractor  
  51  5:13  Hatchery  
  48  5:16  Evolution Chamber  
  48  5:19  Drone x2, Evolution Chamber  
  48  5:20  Drone  
  49  5:34  Hydralisk x4  
  57  5:41  Hydralisk  
  59  5:48  Zerg Missile Weapons Level 1  
  59  5:50  Zerg Ground Armor Level 1  
  59  5:54  Hydralisk  
  59  5:55  Hydralisk  
  63  6:22  Zergling x12  
  63  6:23  Zergling x4  
  71  6:49  Hydralisk x5  
  71  6:51  Overlord  
  81  7:06  Overlord  
  81  7:07  Overlord x3  
  81  7:08  Queen  
  81  7:11  Queen  
  81  7:14  Drone x4  
  89  7:25  Lurker x3  
  92  7:35  Extractor x2  
  91  7:44  Queen, Lurker x2  
  94  7:56  Hydralisk x2  
  85  8:16  Hydralisk x5  
  95  8:31  Hydralisk x2  
  99  8:48  Hatchery  
  99  8:51  Hydralisk x3  
  99  8:52  Hydralisk  
  99  8:53  Zergling x2  
  100  9:13  Hydralisk x3  
  100  9:15  Overlord x2  
  74  10:00  Hydralisk x6  
  74  10:01  Hydralisk x2  
  84  10:18  Hydralisk x2  
  84  10:19  Hydralisk  
  76  10:23  Hydralisk  
  76  10:33  Zergling x6  
  76  10:34  Zergling x2  
  74  10:53  Drone x5  
  79  11:02  Drone  
  79  11:03  Drone  
  81  11:09  Hydralisk x5  
  81  11:10  Hydralisk  
  93  11:21  Zergling x10  
  98  11:29  Drone x2  
  100  11:33  Overseer  
  100  11:35  Lurker x2  
  102  11:48  Hydralisk x5  
  102  11:49  Hydralisk x4  
Show
View Real Time Build Order
Export as new Build Order

wakizashi Zerg 

Build Orders: Hatch First 

Get SALT Encoding   

  12  0:02  Drone  
  13  0:20  Overlord  
  13  0:24  Drone  
  14  0:39  Drone x2  
  14  0:42  Drone  
  17  0:58  Hatchery  
  17  1:03  Extractor  
  15  1:19  Spawning Pool  
  15  1:24  Drone  
  15  1:25  Drone x2  
  17  1:41  Drone  
  19  1:54  Drone  
  19  2:07  Queen  
  21  2:09  Zergling x2  
  22  2:16  Drone x2  
  22  2:17  Metabolic Boost  
  22  2:19  Queen  
  22  2:21  Overlord  
  24  2:45  Zergling x2  
  24  2:46  Zergling x4  
  27  2:58  Queen  
  27  3:21  Extractor  
  27  3:22  Zergling x12  
  25  3:59  Spine Crawler  
  24  4:06  Queen  
  26  4:14  Spore Crawler  
  26  4:15  Drone  
  26  4:16  Drone x3  
  29  4:34  Spore Crawler  
  28  5:04  Drone x2  
  28  5:05  Drone x4  
  28  5:06  Drone  
  35  5:12  Lair  
  35  5:25  Extractor  
  34  5:30  Spine Crawler  
  33  5:36  Drone  
  33  5:37  Drone  
  33  5:38  Overlord x3  
  35  5:47  Overlord x2  
  35  6:22  Zergling x2  
  35  6:23  Zergling x6  
  37  6:37  Zergling x6  
  32  6:58  Extractor  
  32  7:01  Spire, Hatchery  
  29  7:20  Hatchery  
  28  7:26  Queen  
  30  7:42  Drone x3  
  33  7:58  Drone  
  31  8:22  Zergling x6  
  24  8:38  Mutalisk x3  
  30  8:57  Mutalisk x4  
  38  9:03  Zerg Flyer Weapons Level 1  
  38  9:26  Mutalisk x2  
  43  9:31  Drone x4  
  43  9:32  Drone x2  
  48  9:57  Drone x4  
  50  10:08  Evolution Chamber  
  50  10:09  Drone x3  
  50  10:10  Queen  
  50  10:13  Drone  
  55  10:24  Drone x2  
  57  10:32  Overseer  
  57  10:58  Mutalisk x3  
  63  11:20  Drone x3  
  63  11:21  Drone x2  
  64  11:52  Drone x4  
  68  11:55  Extractor  
  68  11:57  Extractor  
  68  11:58  Hatchery  
Tags
 
Add a new tag
Caveats
  • Supply blocks, unpowered buildings, or Contaminate may cause inaccurate times.
  • Supply counts are checked every 10 seconds.